HBL
OMAHA STORM CHASERS @ SAN ANTONIO MISSIONS
05/26/1997
 
TOP OF THE 1ST
Omaha Storm Chasers batting - Pitching for San Antonio Missions : RHP Jay Tibbs
Pitching: RHP Jay Tibbs
Batting: RHB Roberto Mejia 0-0: Ball
1-0: Ground out 4-3 (Groundball, 34, EV 85.0 MPH)
Batting: RHB Hensley Meulens 0-0: Ball
1-0: Ground out 5-3 (Groundball, 56, EV 106.3 MPH)
Batting: RHB Matt Mieske 0-0: Ball
1-0: Ball
2-0: Foul Ball, location: 2F
2-1: Ball
3-1: Called Strike
3-2: Foul Ball, location: 2F
3-2: Base on Balls
Batting: SHB Javier Valentin 0-0: Ball
1-0: Ball
2-0: DOUBLE (Line Drive, 78D, EV 109.4 MPH)
Matt Mieske to third
Runner from 3rd tries for Home, SAFE, throw by CF to trailing runner, SAFE at third!
Batting: RHB Danny Clyburn 0-0: Ball
1-0: Foul Ball, location: 2F
1-1: Ball
2-1: Ball
3-1: Fly out, F8 (Line Drive, 8RD, EV 93.1 MPH)
Top of the 1st over - 1 run, 1 hit, 0 errors, 1 left on base; Omaha 1 - San Antonio 0
BOTTOM OF THE 1ST
San Antonio Missions batting - Pitching for Omaha Storm Chasers : RHP Calvin Maduro
Pitching: RHP Calvin Maduro
Batting: LHB David Hulse 0-0: Ball
1-0: Called Strike
1-1: Foul Ball, location: 2F
1-2: Ball
2-2: Fly out, F2 (Popup, 5SF, EV 88.8 MPH)
Batting: RHB Eric Owens 0-0: Foul Ball, location: 2F
0-1: Swinging Strike
0-2: Ball
1-2: Fly out, F7 (Flyball, 7S, EV 85.6 MPH)
Batting: RHB Damian Jackson 0-0: Called Strike
0-1: Ball
1-1: Ball
2-1: Foul Ball, location: 2F
2-2: Strikes out swinging
Bottom of the 1st over - 0 runs, 0 hits, 0 errors, 0 left on base; Omaha 1 - San Antonio 0
TOP OF THE 2ND
Omaha Storm Chasers batting - Pitching for San Antonio Missions : RHP Jay Tibbs
Batting: RHB Henry Blanco 0-0: Swinging Strike
0-1: Fly out, F4 (Flyball, 4D, EV 80.6 MPH)
Batting: RHB Riccardo Ingram 0-0: Ball
1-0: Foul Ball, location: 2F
1-1: Ball
2-1: Ground out 1-3 (Groundball, 34S, EV 81.3 MPH)
Batting: SHB Kerwin Moore 0-0: Called Strike
0-1: Ball
1-1: Called Strike
1-2: Ball
2-2: Ball
3-2: Foul Ball, location: 2F
3-2: DOUBLE (Line Drive, 9LS, EV 93.1 MPH)
Batting: SHB Pablo Martinez 0-0: Foul Ball, location: 2F
0-1: SINGLE (Groundball, 34, EV 105.0 MPH) (infield hit)
Kerwin Moore to third
Batting: RHB Roberto Mejia 0-0: Ball
1-0: SINGLE (Line Drive, 78S, EV 93.1 MPH)
Kerwin Moore scores
Pablo Martinez to second
Batting: RHB Hensley Meulens 0-0: Fielders Choice at 2nd, 5-4 (Groundball, 56, EV 83.8 MPH)
Top of the 2nd over - 1 run, 3 hits, 0 errors, 2 left on base; Omaha 2 - San Antonio 0
BOTTOM OF THE 2ND
San Antonio Missions batting - Pitching for Omaha Storm Chasers : RHP Calvin Maduro
Batting: RHB Orlando Miller 0-0: Swinging Strike
0-1: Called Strike
0-2: Foul Ball, location: 2F
0-2: Foul Ball, location: 2F
0-2: Ball
1-2: Ground out 3-1 (Groundball, 34, EV 91.3 MPH)
Batting: RHB David Green 0-0: Ball
1-0: Called Strike
1-1: Ball
2-1: Ball
3-1: Fly out, F4 (Popup, 4, EV 55.0 MPH)
Batting: SHB Bill Doran 0-0: SINGLE (Flyball, 7LS, EV 93.1 MPH)
Batting: RHB Kelly Stinnett 0-0: Foul Ball, location: 2F
0-1: Swinging Strike
0-2: Ball
1-2: Strikes out swinging
Bottom of the 2nd over - 0 runs, 1 hit, 0 errors, 1 left on base; Omaha 2 - San Antonio 0
TOP OF THE 3RD
Omaha Storm Chasers batting - Pitching for San Antonio Missions : RHP Jay Tibbs
Batting: RHB Matt Mieske 0-0: Ball
1-0: Foul Ball, location: 2F
1-1: Ball
2-1: Foul Ball, location: 2F
2-2: Strikes out swinging
Batting: SHB Javier Valentin 0-0: Foul Ball, location: 2F
0-1: Foul Ball, location: 2F
0-2: Ball
1-2: Ball
2-2: TRIPLE (Flyball, 8LXD, EV 93.1 MPH)
Batting: RHB Danny Clyburn 0-0: Called Strike
0-1: Foul Ball, location: 2F
0-2: Strikes out swinging
Batting: RHB Henry Blanco 0-0: Ball
Wild Pitch!
Javier Valentin scores
1-0: Ground out 5-3 (Groundball, 56, EV 101.9 MPH)
Top of the 3rd over - 1 run, 1 hit, 0 errors, 0 left on base; Omaha 3 - San Antonio 0
BOTTOM OF THE 3RD
San Antonio Missions batting - Pitching for Omaha Storm Chasers : RHP Calvin Maduro
Batting: RHB Luis Sojo 0-0: Called Strike
0-1: Swinging Strike
0-2: Foul Ball, location: 2F
0-2: Ball
1-2: Strikes out swinging
Batting: RHB Mike Difelice 0-0: Swinging Strike
0-1: Foul Ball, location: 2F
0-2: Fly out, F9 (Flyball, 9D, EV 89.4 MPH)
Batting: LHB David Hulse 0-0: SINGLE (Line Drive, 56, EV 95.6 MPH)
Batting: RHB Eric Owens 0-0: Ball
1-0: Called Strike
1-1: Ball
David Hulse steals 2nd base
2-1: Called Strike
2-2: Ball
3-2: Strikes out swinging
Bottom of the 3rd over - 0 runs, 1 hit, 0 errors, 1 left on base; Omaha 3 - San Antonio 0
TOP OF THE 4TH
Omaha Storm Chasers batting - Pitching for San Antonio Missions : RHP Jay Tibbs
Batting: RHB Riccardo Ingram 0-0: Called Strike
0-1: DOUBLE (Line Drive, 9LS, EV 107.5 MPH)
Batting: SHB Kerwin Moore 0-0: Foul Ball, location: 2F
0-1: Ball
1-1: Swinging Strike
1-2: Ball
2-2: Ball
3-2: Foul Ball, location: 2F
3-2: Ground out 4-3 (Groundball, 4, EV 105.0 MPH)
Riccardo Ingram to third
Batting: SHB Pablo Martinez 0-0: Ball
1-0: Called Strike
1-1: Ball
2-1: Ball
3-1: Base on Balls
Batting: RHB Roberto Mejia 0-0: Called Strike
0-1: Ball
1-1: Swinging Strike
1-2: Strikes out swinging
Batting: RHB Hensley Meulens 0-0: Ball
1-0: Called Strike
1-1: Ball
2-1: SINGLE (Flyball, 78M, EV 87.5 MPH)
Riccardo Ingram scores
Pablo Martinez to second
Batting: RHB Matt Mieske 0-0: Ball
1-0: Fly out, F8 (Flyball, 8RXD, EV 90.6 MPH)
Top of the 4th over - 1 run, 2 hits, 0 errors, 2 left on base; Omaha 4 - San Antonio 0
BOTTOM OF THE 4TH
San Antonio Missions batting - Pitching for Omaha Storm Chasers : RHP Calvin Maduro
Batting: RHB Damian Jackson 0-0: Ball
1-0: Ball
2-0: Called Strike
2-1: Ball
3-1: Base on Balls
Batting: RHB Orlando Miller 0-0: Ball
1-0: Swinging Strike
1-1: Foul Ball, location: 2F
1-2: Foul Ball, location: 2F
1-2: Ball
2-2: Ball
3-2: Fly out, F7 (Flyball, 7, EV 83.1 MPH)
Batting: RHB David Green 0-0: Fielders Choice at 2nd, 5-4 (Groundball, 5, EV 79.4 MPH)
Batting: SHB Bill Doran 0-0: Foul Ball, location: 2F
0-1: Ball
1-1: Called Strike
1-2: Strikes out swinging
Bottom of the 4th over - 0 runs, 0 hits, 0 errors, 1 left on base; Omaha 4 - San Antonio 0
TOP OF THE 5TH
Omaha Storm Chasers batting - Pitching for San Antonio Missions : RHP Jay Tibbs
Batting: SHB Javier Valentin 0-0: Foul Ball, location: 2F
0-1: Ball
1-1: Ball
2-1: Ball
3-1: Foul Ball, location: 2F
3-2: SINGLE (Popup, 6MD, EV 50.0 MPH)
Batting: RHB Danny Clyburn 0-0: Ball
1-0: Swinging Strike
1-1: Ball
2-1: Ball
3-1: SINGLE (Groundball, 4D, EV 94.4 MPH)
Javier Valentin to second
Runner from 2nd tries for 3rd, SAFE, no throw by CF
Batting: RHB Henry Blanco 0-0: Ball
1-0: Called Strike
1-1: Grounds into double play, 4-6-3 (Groundball, 4, EV 86.9 MPH)
Javier Valentin scores
Batting: RHB Riccardo Ingram 0-0: Called Strike
0-1: Ball
1-1: Called Strike
1-2: Ball
2-2: Foul Ball, location: 2F
2-2: Strikes out swinging
Top of the 5th over - 1 run, 2 hits, 0 errors, 0 left on base; Omaha 5 - San Antonio 0
BOTTOM OF THE 5TH
San Antonio Missions batting - Pitching for Omaha Storm Chasers : RHP Calvin Maduro
Batting: RHB Kelly Stinnett 0-0: Ball
1-0: SINGLE (Flyball, 78S, EV 95.6 MPH)
Batting: RHB Luis Sojo 0-0: Called Strike
0-1: Ball
1-1: Ball
2-1: Foul Ball, location: 2F
2-2: Ball
3-2: Base on Balls
Kelly Stinnett to second
Batting: RHB Mike Difelice 0-0: Ball
1-0: Called Strike
1-1: Grounds into double play, 5-4-3 (Groundball, 56, EV 85.6 MPH)
Kelly Stinnett to third
Batting: LHB David Hulse 0-0: Foul Ball, location: 2F
0-1: Ball
1-1: Ball
2-1: Foul Ball, location: 2F
2-2: Fly out, F7 (Flyball, 78M, EV 90.0 MPH)
Bottom of the 5th over - 0 runs, 1 hit, 0 errors, 1 left on base; Omaha 5 - San Antonio 0
TOP OF THE 6TH
Omaha Storm Chasers batting - Pitching for San Antonio Missions : RHP Jay Tibbs
Pitching: RHP Brooks Kieschnick
Batting: SHB Kerwin Moore 0-0: Hit by Pitch
Batting: SHB Pablo Martinez 0-0: Fly out, F9 (Flyball, 9LDF, EV 94.4 MPH)
Batting: RHB Roberto Mejia 0-0: Ball
Wild Pitch!
Kerwin Moore to second
1-0: Ball
2-0: Ball
3-0: Called Strike
3-1: Foul Ball, location: 2F
3-2: Foul Ball, location: 2F
3-2: Base on Balls
Batting: RHB Hensley Meulens 0-0: Ball
1-0: Foul Ball, location: 2F
1-1: Fly out, F9 (Flyball, 9, EV 94.4 MPH)
Batting: RHB Matt Mieske 0-0: SINGLE (Line Drive, 6MD, EV 106.3 MPH)
Kerwin Moore to third
Roberto Mejia to second
Runner from 3rd tries for Home, SAFE, no throw by CF
Batting: SHB Javier Valentin 0-0: Called Strike
0-1: Called Strike
0-2: Fly out, F5 (Popup, 5D, EV 64.4 MPH)
Top of the 6th over - 1 run, 1 hit, 0 errors, 2 left on base; Omaha 6 - San Antonio 0
BOTTOM OF THE 6TH
San Antonio Missions batting - Pitching for Omaha Storm Chasers : RHP Calvin Maduro
Batting: RHB Eric Owens 0-0: Called Strike
0-1: Ball
1-1: Fly out, F9 (Flyball, 9S, EV 87.5 MPH)
Batting: RHB Damian Jackson 0-0: Foul Ball, location: 2F
0-1: Ball
1-1: Ball
2-1: Ball
3-1: SINGLE (Line Drive, 78M, EV 90.0 MPH)
Batting: RHB Orlando Miller 0-0: Ball
1-0: Swinging Strike
1-1: TRIPLE (Flyball, 9LD, EV 104.4 MPH)
Damian Jackson scores
Batting: RHB David Green 0-0: Foul Ball, location: 2F
0-1: TRIPLE (Flyball, 89XD, EV 99.4 MPH)
Orlando Miller scores
Batting: SHB Bill Doran 0-0: Ball
1-0: Called Strike
1-1: Ball
2-1: Foul Ball, location: 2F
2-2: SINGLE (Groundball, 34D, EV 96.9 MPH)
David Green scores
Batting: RHB Kelly Stinnett 0-0: Ball
1-0: Swinging Strike
1-1: Foul Ball, location: 2F
1-2: Foul Ball, location: 2F
1-2: Ball
2-2: Strikes out swinging
Batting: RHB Luis Sojo 0-0: Fly out, F9 (Flyball, 9S, EV 95.6 MPH)
Bottom of the 6th over - 3 runs, 4 hits, 0 errors, 1 left on base; Omaha 6 - San Antonio 3
TOP OF THE 7TH
Omaha Storm Chasers batting - Pitching for San Antonio Missions : RHP Brooks Kieschnick
Batting: RHB Danny Clyburn 0-0: Called Strike
0-1: Ball
1-1: SINGLE (Flyball, 8RS, EV 90.6 MPH)
Batting: RHB Henry Blanco 0-0: Called Strike
0-1: Foul Ball, location: 2F
0-2: Ball
1-2: Fly out, F7 (Flyball, 7, EV 83.1 MPH)
Batting: RHB Riccardo Ingram 0-0: Called Strike
0-1: Fly out, F9 (Flyball, 89M, EV 83.1 MPH)
Batting: SHB Kerwin Moore 0-0: Called Strike
0-1: Swinging Strike
0-2: Ball
1-2: Fly out, F9 (Flyball, 9D, EV 76.3 MPH)
Top of the 7th over - 0 runs, 1 hit, 0 errors, 1 left on base; Omaha 6 - San Antonio 3
BOTTOM OF THE 7TH
San Antonio Missions batting - Pitching for Omaha Storm Chasers : RHP Calvin Maduro
Batting: RHB Mike Difelice 0-0: Ball
1-0: Foul Ball, location: 2F
1-1: Ball
2-1: Ground out 6-3 (Groundball, 6, EV 89.4 MPH)
Pitching: LHP Roberto Duran
Batting: LHB David Hulse 0-0: Called Strike
0-1: SINGLE (Line Drive, 9S, EV 104.4 MPH)
Batting: RHB Eric Owens 0-0: Called Strike
0-1: Fly out, F5 (Popup, 5F, EV 78.1 MPH)
Batting: RHB Damian Jackson 0-0: Fly out, F7 (Flyball, 78M, EV 85.6 MPH)
Bottom of the 7th over - 0 runs, 1 hit, 0 errors, 1 left on base; Omaha 6 - San Antonio 3
TOP OF THE 8TH
Omaha Storm Chasers batting - Pitching for San Antonio Missions : RHP Brooks Kieschnick
Batting: SHB Pablo Martinez 0-0: Ball
1-0: Called Strike
1-1: Ball
2-1: SINGLE (Groundball, 15S, EV 69.4 MPH) (infield hit)
Pitching: RHP Bob Scanlan
Batting: RHB Roberto Mejia 0-0: Fielders Choice at 2nd, 6-4 (Groundball, 6, EV 106.9 MPH)
Batting: RHB Hensley Meulens 0-0: Ball
1-0: Swinging Strike
1-1: Ball
2-1: Ball
3-1: Fly out, F9 (Flyball, 89M, EV 93.8 MPH)
Batting: RHB Matt Mieske 0-0: Ball
Roberto Mejia is caught stealing 2nd base 2-4
Top of the 8th over - 0 runs, 1 hit, 0 errors, 0 left on base; Omaha 6 - San Antonio 3
BOTTOM OF THE 8TH
San Antonio Missions batting - Pitching for Omaha Storm Chasers : LHP Roberto Duran
Batting: RHB Orlando Miller 0-0: Called Strike
0-1: Called Strike
0-2: Fly out, F6 (Line Drive, 6, EV 69.4 MPH)
Batting: RHB David Green 0-0: SINGLE (Line Drive, 3D, EV 94.4 MPH)
Batting: SHB Bill Doran 0-0: Foul Ball, location: 2F
0-1: Called Strike
0-2: Ball
1-2: Ball
2-2: Foul Ball, location: 2F
2-2: Ball
3-2: Fly out, F8 (Flyball, 8RS, EV 87.5 MPH)
Batting: RHB Kelly Stinnett 0-0: Ground out 1-3 (Groundball, 34S, EV 88.8 MPH)
Bottom of the 8th over - 0 runs, 1 hit, 0 errors, 1 left on base; Omaha 6 - San Antonio 3
TOP OF THE 9TH
Omaha Storm Chasers batting - Pitching for San Antonio Missions : RHP Bob Scanlan
Batting: RHB Matt Mieske 0-0: Fly out, F8 (Flyball, 8RM, EV 81.3 MPH)
Batting: SHB Javier Valentin 0-0: Called Strike
0-1: Foul Ball, location: 2F
0-2: Strikes out swinging
Batting: RHB Danny Clyburn 0-0: Ball
1-0: Foul Ball, location: 2F
1-1: Ball
2-1: Swinging Strike
2-2: Strikes out swinging
Top of the 9th over - 0 runs, 0 hits, 0 errors, 0 left on base; Omaha 6 - San Antonio 3
BOTTOM OF THE 9TH
San Antonio Missions batting - Pitching for Omaha Storm Chasers : LHP Roberto Duran
Pitching: LHP Tony J. Castillo
Batting: RHB Luis Sojo 0-0: Ground out 4-3 (Groundball, 4, EV 104.4 MPH)
Batting: RHB Mike Difelice 0-0: Ball
1-0: Ball
2-0: Called Strike
2-1: Foul Ball, location: 2F
2-2: Ball
3-2: Reached on error, E5 (Groundball, 5, EV 86.3 MPH)
Batting: LHB David Hulse 0-0: Ball
1-0: Ball
2-0: Foul Ball, location: 2F
2-1: Foul Ball, location: 2F
2-2: Fly out, F7 (Flyball, 7LDF, EV 103.8 MPH)
Batting: RHB Eric Owens 0-0: Called Strike
0-1: Foul Ball, location: 2F
0-2: Ball
1-2: Foul Ball, location: 2F
1-2: Ground out 6-3 (Groundball, 6, EV 78.8 MPH)
Bottom of the 9th over - 0 runs, 0 hits, 1 error, 1 left on base; Omaha 6 - San Antonio 3
Monday, February 16th, 2026 - OOTP Baseball 20.8 Build 74